 Dungeon Crawl Stone Soup version 0.31.0-9-g3a7656b989 (webtiles) character file.

Game seed: 6978238933414897047

234 Bnni the Shield-Bearer (level 6, 0/33 HPs)
             Began as a Vine Stalker Fighter on Jan 31, 2024.
             Slain by an iguana (8 damage)
             ... on level 4 of the Dungeon.
             The game lasted 00:03:10 (2360 turns).

Bnni the Shield-Bearer (Vine Stalker Fighter)       Turns: 2360, Time: 00:03:11

Health: 0/33       AC: 11    Str: 19    XL:     6   Next: 5%
Magic:  0/7        EV:  7    Int:  8    God:
Gold:   198        SH: 10    Dex: 15    Spells: 5/5 levels left

rFire   . . .        a - +0 rapier
rCold   . . .        c - +0 buckler
rNeg    . . .        f - +0 chain mail
rPois   .            m - +0 helmet
rElec   .            v - +0 cloak
rCorr   .            (no gloves)
SInv    .            (no boots)
Will    .....        g - amulet of reflection Stlth
                     (no ring)
HPRegen 1.05/turn    (no ring)
MPRegen 0.10/turn

%: reflection, guardian spirit
@: mighty
A: fangs 2, regeneration 1, magic shield, antimagic bite, no potion heal 2
a: no special abilities


You were on level 4 of the Dungeon.
You visited 1 branch of the dungeon, and saw 4 of its levels.

You collected 198 gold pieces.

Inventory:

Hand Weapons
 a - a +0 rapier (weapon)
Missiles
 j - 15 poisoned darts (quivered)
Armour
 c - a +0 buckler (worn)
 f - a +0 chain mail (worn)
 m - a +0 helmet (worn)
 v - a +0 cloak (worn)
Jewellery
 g - an amulet of reflection (around neck)
 i - a ring of ice
Scrolls
 e - 2 scrolls of identify {unknown}
 h - a scroll of immolation {unknown}
 l - a scroll of summoning {unknown}
 o - a scroll of enchant armour {unknown}
 p - a scroll of teleportation {unknown}
 s - a scroll of blinking {unknown}
 t - a scroll of vulnerability {unknown}
 u - a scroll of fear {unknown}
Potions
 b - a potion of ambrosia {unknown}
 k - 2 potions of attraction {unknown}
 n - 3 potions of curing {unknown}
 q - a potion of heal wounds {unknown}
 r - a potion of brilliance {unknown}


   Skills:
 + Level 3.6 Fighting
 * Level 4.0 Short Blades
 - Level 2.4 Armour
 - Level 4.0 Shields


You had 5 spell levels left.
You didn't know any spells.
Your spell library contained the following spells:

 Spells                   Type           Power      Damage    Failure   Level
 Call Imp                 Summ           0%         N/A       100%        2
 Cigotuvi's Dreadful Rot  Necr/Alch/Air  0%         N/A       100%        2
 Inner Flame              Hex/Fire       0%         N/A       100%        3
 Vampiric Draining        Necr           0%         2d6       100%        3
 Irradiate                Conj/Alch      0%         3d11      100%        5
 Death Channel            Necr           0%         N/A       100%        6
 Haunt                    Necr/Summ      0%         N/A       100%        7
 Ignition                 Fire           0%         3d3       100%        8


Dungeon Overview and Level Annotations

Branches:
Dungeon (4/15)
 Temple: D:4-7

Altars:


Innate Abilities, Weirdness & Mutations

You have extremely sharp teeth.
Your natural rate of healing is unusually fast.
When hurt, damage is shared between your health and your magic reserves.
Your bite disrupts and absorbs the magic of your enemies.
Potions cannot restore your health.


Message History

The iguana bites you but does no damage.
You hit the iguana. You bite the iguana. You drain its power.
You feel invigorated.
The iguana is moderately wounded.
You block the iguana's attack.
You hit the iguana but do no damage. Your bite misses the iguana.
The iguana is moderately wounded.
The iguana barely misses you.
You hit the iguana. You bite the iguana, but do no damage.
The iguana is moderately wounded.
The iguana hisses menacingly.
The iguana bites you.
You hit the iguana but do no damage. You bite the iguana. You drain its power.
You feel invigorated.
The iguana is heavily wounded.
A sky beast appears from thin air!
Reactivating autopickup.
The iguana closely misses you.
You closely miss the iguana. Your bite misses the iguana.
The iguana is heavily wounded.
The sky beast flickers out of sight!
Deactivating autopickup; reactivate with Ctrl-A.
The iguana bites you!
You barely miss the iguana.
The iguana is heavily wounded.
The iguana bites you!
* * * LOW HITPOINT WARNING * * *
Unknown command.
Sorry, you're not good enough to have a special ability.
Unknown command.
Okay, then.
You feel very mighty all of a sudden.
The iguana bites you but does no damage.
You puncture the iguana!
The iguana is almost dead.
The iguana bites you but does no damage.
You hit the iguana but do no damage. Your bite misses the iguana.
The iguana is almost dead.
The iguana bites you!
You die...

#....## #.###.#<....
#...####.>))...####
#.####....)...........
........####.##.######
#.#####.##...##.#
##.......#.#
#....###.... ####.####
##.# #{l@$# #.#
#.....#### # .......
.#.#### #> .


You could see an iguana.

Vanquished Creatures
  Natasha (thrice) (D:2)
  Robin (D:2)
  3 gnolls (D:4)
  4 adders
  A dart slug (D:2)
  3 ribbon worms (D:2)
  3 orcs (D:3)
  6 bats
  2 endoplasms (D:2)
  2 giant cockroaches
  12 goblins
  6 hobgoblins
  A jackal (D:3)
  3 quokkas
  7 ball pythons
  2 frilled lizards
  9 kobolds
  5 rats
73 creatures vanquished.

Notes
Turn   | Place    | Note
-------+----------+-------------------------------------------
     0 | D:1      | Bnni the Vine Stalker Fighter began the quest for the Orb.
     0 | D:1      | Reached XP level 1. HP: 11/11 MP: 2/2
     6 | D:1      | Noticed a polar bear
     6 | D:1      | Noticed a killer bee
     6 | D:1      | Noticed a rime drake
     7 | D:1      | Noticed a hound
     7 | D:1      | Noticed a crocodile
   166 | D:1      | Reached XP level 2. HP: 16/16 MP: 3/3
   906 | D:2      | Noticed Natasha
   919 | D:2      | Killed Natasha
   920 | D:2      | Reached XP level 3. HP: 17/20 MP: 4/4
   927 | D:2      | Reached XP level 4. HP: 23/24 MP: 5/5
   938 | D:2      | Noticed Natasha
   947 | D:2      | Killed Natasha
  1073 | D:2      | Noticed Robin
  1095 | D:2      | Killed Robin
  1099 | D:2      | Reached XP level 5. HP: 28/28 MP: 6/6
  1287 | D:2      | Noticed Natasha
  1303 | D:2      | Killed Natasha
  1326 | D:2      | You fall into a shaft and drop 1 floor!
  1877 | D:3      | Got Gamo's Codex of the Decaying Comitatus
  2292 | D:4      | Reached XP level 6. HP: 6/32 MP: 1/7
  2343 | D:4      | Noticed a sky beast
  2360 | D:4      | Slain by an iguana

Illustrated notes

Levels and vault maps discovered:
D:1:      onia_arrival_zoo_common, layout_loops_ring, minmay_misc_feat_chi,
          chequers_big_river, serial_bayou_pond_d
D:2:      layout_loops_ring, minmay_misc_feat_more_columns, uniq_natasha,
          uniq_robin
D:3:      minmay_razor_zed, layout_basic
D:4:      layout_rooms, uniq_sigmund, uniq_duvessa

Skill      XL: |  1  2  3  4  5  6 |
---------------+-------------------+-----
Short Blades   | 2 3 4 |  4.0
Shields        | 3 4 |  4.0
Fighting       | 3 |  3.6
Armour         | |  2.4

Action                     |  1- 3 |  4- 6 || total
---------------------------+-------+-------++-------
  Melee: Rapier            |    62 |   175 ||   237
         Bite              |    14 |    43 ||    57
    Use: Potion            |       |     1 ||     1
 Armour: Scale mail        |    12 |       ||    12
         Chain mail        |    26 |    95 ||   121
  Dodge: Dodged            |    17 |    42 ||    59
  Block: Buckler           |    25 |    71 ||    96
         Reflection        |     1 |     1 ||     2
